 Dungeon Crawl Stone Soup version 0.29-a0-690-g32ab5fea29 (webtiles) character file.

Game seed: 17028952503423618182

354 KristoblXynda the Slasher (level 6, 0/78 HPs)
             Began as a Draconian Gladiator on June 25, 2022.
             Slain by an ogre
             ... wielding a +0 giant club
              (4 damage)
             ... on level 5 of the Dungeon.
             The game lasted 00:04:31 (4869 turns).

KristoblXynda the Slasher (Draconian Gladiator)     Turns: 4869, Time: 00:04:32

Health: 0/78       AC: 23    Str: 17    XL:     6   Next: 35%
Magic:  6/6        EV:  2    Int:  8    God:
Gold:   244        SH:  0    Dex: 14    Spells: 5/5 levels left

rFire   . . .      SeeInvis .   v - +5 falchion
rCold   . . .      Faith    .   (no shield)
rNeg    . . .      Spirit   .   (body armour unavailable)
rPois   +          Reflect  .   (helmet currently unavailable)
rElec   .          Harm     .   (cloak currently unavailable)
rCorr   .          Rampage  .   (gloves currently unavailable)
Will    .....      NoTele   +   (boots currently unavailable)
Stlth   +.........              (no amulet)
HPRegen 0.00/turn               (no ring)
MPRegen 0.10/turn               (no ring)

@: tree-form, inhibited regen
A: stationary, stasis, torment immunity, boosted hp, AC +6, unfitting armour,
(cold-blooded), inhibited regeneration
a: no special abilities


You were on level 5 of the Dungeon.
You were a tree.
You visited 1 branch of the dungeon, and saw 5 of its levels.

You collected 244 gold pieces.

Inventory:

Hand Weapons
 a - a +0 long sword
 v - a +5 falchion (weapon)
Missiles
 c - 3 throwing nets (quivered)
 d - 5 javelins
Armour
 i - a +0 cloak (melded)
 t - a +1 hat (melded)
Jewellery
 n - a +6 ring of intelligence
Wands
 w - a wand of digging (5)
Scrolls
 b - a scroll of fear {unknown}
 e - a scroll of poison
 f - 2 scrolls of teleportation {unknown}
 h - 2 scrolls of amnesia {unknown}
 p - a scroll of immolation {unknown}
 s - a scroll of vulnerability {unknown}
 x - a scroll of noise {unknown}
 y - a scroll of identify
Potions
 g - a potion of might {unknown}
 j - a potion of brilliance {unknown}
 k - a potion of heal wounds {unknown}
 l - a potion of lignification
 m - a potion of haste
 o - a potion of flight {unknown}
 q - a potion of attraction {unknown}


   Skills:
 + Level 4.1 Fighting
 * Level 4.7 Long Blades
 - Level 3.0 Throwing
 + Level 4.0 Dodging


You had 5 spell levels left.
You didn't know any spells.
Your spell library contained the following spells:

 Spells                   Type           Power      Damage    Failure   Level
 Blink                    Tloc           0%         N/A       54%         2
 Manifold Assault         Tloc           0%         N/A       100%        5
 Storm Form               Tmut/Air       0%         N/A       100%        7


Dungeon Overview and Level Annotations

Branches:
Dungeon (5/15)
 Temple: D:4-7

Altars:
Dithmenos
Elyvilon
Kikubaaqudgha
Okawaru

Shops:
D:4 [


Innate Abilities, Weirdness & Mutations

You are a tree.
Your roots penetrate the ground, keeping you stationary.
You cannot be teleported.
You are immune to unholy pain and torment.
Your maximum health is greatly increased.
Your equipment is partially melded.
((Your plain brown scales are hard. (AC +6)))
You cannot fit into any form of body armour.
((You are cold-blooded and may be slowed by cold attacks.))
You do not regenerate when monsters are visible.


Message History

The orc priest calls upon Beogh to heal the orc wizard.
The orc wizard's wounds heal themselves!
The orc wizard hits you but does no damage.
You hit the orc wizard.
The orc wizard is moderately wounded.
The hound barely misses you.
The orc wizard casts a spell.
The orc wizard flickers and vanishes!
Deactivating autopickup; reactivate with Ctrl-A.
The orc priest is engulfed in poison gas.
The orc priest looks as sick as possible!
You kill the orc priest!
The hound bites you but does no damage.
Your Dodging skill increases to level 4!
You cannot move.
Unknown command.
You cannot move.
Unknown command.
The hound bites you.
* * * LOW HITPOINT WARNING * * *
Something hits you but does no damage.
You cannot move.
Unknown command.
You hit the hound.
The hound is moderately wounded.
The hound bites you but does no damage. Something hits you but does no damage.
The hound bites you but does no damage.
You hit the hound.
The hound is moderately wounded.
The hound bites you but does no damage. Something hits you but does no damage.
The ogre is engulfed in poison gas.
The ogre is poisoned.
The ogre hits you with a +0 giant club!!
* * * LOW HITPOINT WARNING * * *
Unknown command.
It was a potion of mutation.
You feel extremely strange.
Your regeneration stops near monsters.
The hound barely misses you. The hound bites you but does no damage.
The ogre is engulfed in poison gas.
The ogre looks even sicker.
The ogre hits you with a +0 giant club.
You die...

.........#. ...
.......°○.# °.#
..........##°.##
.......○.°°.$...
......°..○..○..
#.....#°# #
#.?..#..○..#..
○.○°####h..°....#
#°....♣os○.°.○.#
#######O.○.##..+
###○.# .# .## #
.# .#


You could see an ogre (very poisoned), a scorpion, a hound and an orc.

Vanquished Creatures
  A jelly (D:4)
  2 orc priests (D:5)
  Jessica (D:3)
  Ijyb (D:5)
  An iguana (D:4)
  Robin (D:1)
  5 adders
  An ufetubus (D:3)
  2 worms
  3 dart slugs
  12 orcs
  13 bats
  8 endoplasms
  A giant cockroach (D:2)
  15 goblins
  12 hobgoblins
  7 quokkas
  5 ball pythons
  4 frilled lizards (D:1)
  6 kobolds
  7 rats
108 creatures vanquished.

Notes
Turn   | Place    | Note
-------+----------+-------------------------------------------
     0 | D:1      | KristoblXynda the Draconian Gladiator began the quest for
                  | the Orb.
     0 | D:1      | Reached XP level 1. HP: 17/17 MP: 1/1
   133 | D:1      | Reached XP level 2. HP: 24/25 MP: 2/2
  1015 | D:1      | Reached XP level 3. HP: 14/30 MP: 3/3
  1313 | D:2      | Noticed Robin
  1725 | D:1      | Killed Robin
  1726 | D:1      | Reached XP level 4. HP: 32/38 MP: 4/4
  3198 | D:3      | Reached XP level 5. HP: 41/45 MP: 5/5
  3347 | D:3      | Noticed Jessica
  3361 | D:3      | Killed Jessica
  4108 | D:4      | Found an ancient bone altar of Kikubaaqudgha.
  4123 | D:4      | Found a white marble altar of Elyvilon.
  4180 | D:4      | Found a shadowy altar of Dithmenos.
  4227 | D:4      | Found an iron altar of Okawaru.
  4705 | D:4      | Reached XP level 6. HP: 45/52 MP: 6/6
  4746 | D:4      | Found Moore's Dragon-Slaying Spoils.
  4844 | D:5      | Entered Level 5 of the Dungeon
  4844 | D:5      | Noticed Ijyb
  4855 | D:5      | Killed Ijyb
  4869 | D:5      | Gained mutation: You do not regenerate when monsters are
                  | visible. [potion of mutation]
  4869 | D:5      | Slain by an ogre

Illustrated notes

Levels and vault maps discovered:
D:1:      eino_arrival_tree_alley, layout_loops_ring, minmay_misc_feat_tiny,
          minmay_pentomino_p4
D:2:      wander_river, layout_rooms, uniq_robin
D:3:      layout_rooms, uniq_jessica
D:4:      layout_rooms, nicolae_overflow_quartered_altars, serial_corexii_hall,
          corexii_hall_statues_x, chequers_hall_statues_wall_a,
          nrook_loot_triangle, minmay_misc_feat_alley,
          nicolae_shop_dragon_depot, chequers_serial_rivers_micro_d
D:5:      layout_rooms, serial_shops, shop, portal_sewer_entry_c, uniq_ijyb

Skill      XL: |  1  2  3  4  5  6 |
---------------+-------------------+-----
Throwing       | 2 3 |  3.0
Dodging        | 3 4 |  4.0
Fighting       | 3 4 |  4.1
Long Blades    | 4 |  4.7

Action                   |  1- 3 |  4- 6 || total
-------------------------+-------+-------++-------
Melee: Long sword        |   112 |   146 ||   258
       Tailslap          |     7 |    20 ||    27
       Punch             |     2 |     2 ||     4
       Falchion          |       |    45 ||    45
  Use: Scroll            |       |     5 ||     5
       Potion            |       |     3 ||     3
 Stab: Sleeping          |     3 |     2 ||     5
Armor: Skin              |    53 |    98 ||   151
Dodge: Dodged            |   107 |   153 ||   260

Table legend: (Time is in decaauts)
 A = Elapsed time spent in this place.
 B = Non-inter-level travel time spent in this place.
 C = Inter-level travel time spent in this place.
 D = Time resting spent in this place.
 E = Time spent auto-exploring this place.
 F = Levels seen in this place.
 G = Mean time per level.
                   A        B        C        D        E       F      G
               +--------+--------+--------+--------+--------+-----+--------+
         Total |   4950 |   4840 |    110 |   1667 |   2334 |   5 |  990.0 |
       Dungeon |   4950 |   4840 |    110 |   1667 |   2334 |   5 |  990.0 |
               +--------+--------+--------+--------+--------+-----+--------+

Top non-repeatable levels by time:
     D:1: 1959 daAuts
     D:4: 1349 daAuts
     D:3: 925 daAuts
     D:2: 691 daAuts
     D:5: 25 daAuts
